 Dungeon Crawl Stone Soup version 0.26-b1-32-g5d43845318 (webtiles) character file.

Game seed: 15919181946844873734

16 EnegeticOcto the Shield-Bearer (level 2, -14/27 HPs)
             Began as a Deep Dwarf Fighter on Jan 9, 2021.
             Demolished by an ogre
             ... wielding a +0 giant club
              (25 damage)
             ... on level 4 of the Dungeon.
             The game lasted 00:00:19 (464 turns).

EnegeticOcto the Shield-Bearer (Deep Dwarf Fighter)  Turns: 464, Time: 00:00:19

Health: -14/27     AC:  8    Str: 19    XL:     2   Next: 41%
Magic:  1/1        EV:  7    Int:  8    God:
Gold:   44         SH:  9    Dex: 12    Spells: 1/1 levels left

rFire    . . .     SeeInvis .   a - +0 war axe
rCold    . . .     Faith    .   c - +0 kite shield
rNeg     . . .     Spirit   .   b - +0 scale mail
rPois    .         Reflect  .   (no helmet)
rElec    .         Harm     .   (no cloak)
rCorr    .         Rampage  .   g - +0 pair of gloves
Will     .....                  (no boots)
Stlth    ..........             (no amulet)
HPRegen  0.00/turn              (no ring)
MPRegen  0.07/turn              (no ring)

@: non-regenerating
A: damage resistance, heal wounds, sense surroundings 1, no regeneration
a: Heal Wounds


You were on level 4 of the Dungeon.
You visited 1 branch of the dungeon, and saw 4 of its levels.

You collected 44 gold pieces.

Inventory:

Hand Weapons
 a - a +0 war axe (weapon)
Armour
 b - a +0 scale mail (worn)
 c - a +0 kite shield (worn)
 g - a +0 pair of gloves (worn)
Scrolls
 f - a scroll of teleportation {unknown}
 i - a scroll of identify {unknown}
 j - a scroll of blinking {unknown}
Potions
 d - a potion of might {@q3}
 e - a potion of attraction {unknown}
 h - a potion of berserk rage {unknown}
 k - a potion of magic {unknown}


   Skills:
 + Level 2.8 Fighting
 * Level 2.7 Axes
 + Level 3.5 Armour
 + Level 3.5 Shields


You had one spell level left.
You didn't know any spells.
Your spell library was empty.

Dungeon Overview and Level Annotations

Branches:
Dungeon (4/15)
 Temple: D:4-7

Altars:


Innate Abilities, Weirdness & Mutations

You are resistant to damage.
You can heal yourself by infusing magical energy.
You passively map a small area around you.
You do not regenerate.


Message History

The bat is moderately wounded.
The bat barely misses you.
You miss the bat.
The bat is moderately wounded.
The bat hits you but does no damage. The bat closely misses you.
You closely miss the bat.
The bat is moderately wounded.
The bat hits you but does no damage. x2
You slash the bat!
You kill the bat!
No target in view!
No target in view!
No target in view!
No target in view!
Found an escape hatch in the ceiling.
i - a scroll labelled ITHRUU DOMAYXUE
Found a flail.
No target in view!
No target in view!
No target in view!
No target in view!
No target in view!
No target in view!
No target in view!
No target in view!
No target in view!
No target in view!
No target in view!
No target in view!
No target in view!
You now have 27 gold pieces (gained 16).
Found a stone staircase leading up.
You see here a flail.
As you open the door, it creaks loudly!
There is an open door here.
j - a scroll labelled JYAGGOL JIRUGI No target in view!
k - a brown potion
Found a falchion.
Found a stone staircase leading down.
No target in view!
No target in view!
No target in view!
No target in view!
No target in view!
No target in view!
No target in view!
No target in view!
No target in view!
A giant cockroach comes into view.
A giant cockroach is nearby!
A giant cockroach is nearby!
The giant cockroach bites you but does no damage.
Your shield prevents you from hitting the giant cockroach.
The giant cockroach bites you.
You hit the giant cockroach but do no damage.
The giant cockroach barely misses you. You block the giant cockroach's attack.
You completely miss the giant cockroach.
The giant cockroach bites you but does no damage. x2
You completely miss the giant cockroach.
The giant cockroach barely misses you.
You hit the giant cockroach.
The giant cockroach is almost dead.
The giant cockroach barely misses you. You block the giant cockroach's attack.
Your shield and scale mail prevent you from hitting the giant cockroach.
The giant cockroach is almost dead.
The giant cockroach barely misses you. x2
You slash the giant cockroach!
You kill the giant cockroach!
No target in view!
No target in view!
No target in view!
No target in view!
No target in view!
No target in view!
Your magical essence is drained by the effort!
You feel much better.
(D) Dungeon
Where to? (Enter - D:3, ? - help)
There is a stone staircase leading down here.
You climb downwards.
Found 17 gold pieces.
There is a stone staircase leading up here.
No target in view!
You now have 44 gold pieces (gained 17).
You open the door.
Found 3 boomerangs.
There is an open door here.
You see here 3 boomerangs.
An ogre comes into view. It is wielding a +0 giant club.
The ogre hits you with a +0 giant club!!
Ouch! That really hurt!
You hit the ogre.
The ogre is lightly wounded.
You block the ogre's attack.
You slash the ogre!
The ogre is heavily wounded.
The ogre hits you with a +0 giant club!!
Ouch! That really hurt!
You die...

#......'.....# * *
##..##.#.....# ,
##+###.##....#
#.......#....# *
#.....(.#..<.# * *,
,
#.......#..........
*
##..###.#..........
, #..
##.#####...... * ,
, ,#...
#..@O..#...... ,,
#..
#......#......+,,
#.. #......#,.....
* * ####...# .....
***...#, , * , ...#
, * ,, , ...#,, **
#### , * ,


You could see an ogre.

Vanquished Creatures
  An ooze (D:3)
  A bat (D:3)
  A giant cockroach (D:3)
  A goblin (D:3)
  A hobgoblin (D:2)
  2 jackals (D:3)
  A quokka (D:3)
  A frilled lizard (D:3)
  2 rats (D:1)
11 creatures vanquished.

Notes
Turn   | Place    | Note
-------+----------+-------------------------------------------
     0 | D:1      | EnegeticOcto the Deep Dwarf Fighter began the quest for the
                  | Orb.
     0 | D:1      | Reached XP level 1. HP: 20/20 MP: 1/1
   233 | D:3      | Reached XP level 2. HP: 17/27 MP: 2/2
   461 | D:4      | Noticed an ogre
   464 | D:4      | Demolished by an ogre

Illustrated notes

Levels and vault maps discovered:
D:1:      evilmike_arrival_rings, layout_loops_ring, serial_glass,
          glass_columns_a, glass_columns_b, chequers_serial_rivers_room_b,
          nrook_campfire
D:2:      layout_loops_ring
D:3:      layout_basic, nicolae_ru_the_path_less_chosen
D:4:      layout_gridville, minmay_hollow_rounded_squares, uniq_robin

Action                   || total
-------------------------++-------
Melee: War axe           ||    56
 Abil: Heal Wounds       ||     1
Armor: Scale mail        ||    27
Dodge: Dodged            ||    16
Block: Kite shield       ||    25
